 Dungeon Crawl Stone Soup version 0.29-a0-872-g797fff5ad1 (webtiles) character file.

Game seed: 14273597830379643087

38 LynnLen the Sneak (level 3, -1/20 HPs)
             Began as a Vampire Enchanter on July 18, 2022.
             Slain by a worm (10 damage)
             ... on level 2 of the Dungeon.
             The game lasted 00:04:04 (1554 turns).

LynnLen the Sneak (Vampire Enchanter)               Turns: 1554, Time: 00:04:04

Health: -1/20      AC:  5    Str:  7    XL:     3   Next: 25%
Magic:  6/6        EV: 12    Int: 17    God:
Gold:   191        SH:  0    Dex: 16    Spells: 6/6 levels left

rFire   . . .      SeeInvis +   a - +2 dagger
rCold   + + .      Faith    .   (no shield)
rNeg    + + +      Spirit   .   f - +0 leather armour
rPois   ∞          Reflect  .   e - +2 hat
rElec   .          Harm     .   (no cloak)
rCorr   .          Rampage  .   (no gloves)
Will    .....                   (no boots)
Stlth   +++++.....              (no amulet)
HPRegen 0.00/turn               (no ring)
MPRegen 0.10/turn               (no ring)

@: bloodless, inhibited regen
A: bloodless, fangs 3, see invisible, vampiric 2
a: Bat Form, Revivify


You were on level 2 of the Dungeon.
You visited 1 branch of the dungeon, and saw 3 of its levels.

You collected 191 gold pieces.

Inventory:

Hand Weapons
 a - a +2 dagger (weapon)
 k - the +8 whip of Muuhac {flame, rPois rCorr MP-9 Str+3}
   (You found it on level 2 of the Dungeon)

   It burns those it strikes, dealing additional fire damage.
   Str:       It affects your strength (+3).
   rPois:     It protects you from poison.
   MP:        It affects your magic capacity (-9).
   rCorr:     It protects you from acid and corrosion.
Armour
 e - a +2 hat (worn)
 f - a +0 leather armour (worn)
 j - a +0 helmet
Potions
 c - 2 potions of invisibility
 d - a potion of mutation
 g - a potion of flight {unknown}
 h - 2 potions of curing
 i - a potion of degeneration {unknown}


   Skills:
 * Level 1.0 Fighting
 * Level 1.8 Short Blades
 + Level 2.3 Dodging
 + Level 5.7 Stealth
 - Level 2.0 Spellcasting
 - Level 4.4 Hexes


You had 6 spell levels left.
You didn't know any spells.
Your spell library contained the following spells:

 Spells                   Type           Power      Damage    Failure   Level
 Confusing Touch          Hex            16%        N/A       14%         3
 Tukima's Dance           Hex            16%        N/A       14%         3
 Ensorcelled Hibernation  Hex/Ice        18%        N/A       19%         2
 Dazzling Flash           Conj/Hex       18%        N/A       34%         3


Dungeon Overview and Level Annotations

Branches:
Dungeon (3/15)

Altars:

Shops:
D:1 :*


Innate Abilities, Weirdness & Mutations

You do not regenerate when monsters are visible.
You are frail without blood (-20% HP).
You can heal yourself when you bite living creatures.
You are immune to poison.
You have razor-sharp teeth.
You have supernaturally acute eyesight. (SInv)
You are afflicted with vampirism and can become a bat while bloodless.


Message History

You start waiting.
You feel your willpower return.
There is a stone staircase leading down here.
You climb downwards.
Found a hand axe.
Found a stone staircase leading down.
There is a stone staircase leading up here.
Found a chain mail and 4 poisoned darts.
Found a stone staircase leading up.
A worm comes into view.
A worm is nearby!
A worm is nearby!
A jackal comes into view.
There is a stone staircase leading up here.
There is a stone staircase leading up here.
There is a stone staircase leading up here.
There is a stone staircase leading up here.
The worm bites you.
There is a stone staircase leading up here.
You climb upwards.
There is a stone staircase leading down here.
You hit the worm.
The worm is lightly wounded.
The worm bites you but does no damage.
You barely miss the worm. You bite the worm.
The worm is lightly wounded.
You hit the worm. Your bite misses the worm.
The worm is moderately wounded.
The worm bites you.
You hit the worm.
The worm is severely wounded.
You barely miss the worm.
The worm is severely wounded.
The worm bites you.
You hit the worm.
The worm is severely wounded.
You hit the worm. You bite the worm, but do no damage.
The worm is almost dead.
The worm bites you!
Ouch! That really hurt!
You die...

#..........#
#..........#
##.....[..##
#..........#
#..........#
#..........#
#..........####
#w............#####
##@.......###.....#
##......#.........
######.#......#.#
#........#.#
##.......#.)
#..........
##......#..
#........#
#........#


You could see a worm.

Vanquished Creatures
  2 adders (D:2)
  A dart slug (D:1)
  A ball python (D:1)
  2 bats (D:1)
  An endoplasm (D:2)
  A giant cockroach (D:2)
  3 goblins (D:1)
  A hobgoblin (D:2)
  2 kobolds
  2 frilled lizards
  2 rats (D:1)
18 creatures vanquished.

Notes
Turn   | Place    | Note
-------+----------+-------------------------------------------
     0 | D:1      | LynnLen the Vampire Enchanter began the quest for the Orb.
     0 | D:1      | Reached XP level 1. HP: 13/13 MP: 3/3
   198 | D:1      | Reached XP level 2. HP: 16/16 MP: 5/5
   471 | D:1      | Reached skill level 5 in Stealth
   475 | D:1      | Found Cyteite's Vocational Training.
   526 | D:1      | Found Semp's General Store.
   922 | D:2      | Reached skill level 1 in Fighting
   922 | D:2      | Gained mutation: You are afflicted with vampirism and can
                  | become a bat while bloodless. [Vampire growth]
   922 | D:2      | Reached XP level 3. HP: 20/20 MP: 6/6
   951 | D:2      | Identified the +8 whip of Muuhac {flame, rPois rCorr MP-9
                  | Str+3}
  1223 | D:2      | Found a faded altar of an unknown god.
  1554 | D:2      | Slain by a worm

Illustrated notes

Levels and vault maps discovered:
D:1:      erik_arrival_cave_to_civilisation [erik_arrival_cave_to_hall],
          layout_loops_ring, serial_shops, nicolae_square_shop,
          nicolae_shop_vocational
D:2:      layout_rooms, chequers_ecumenical_altar_simple, minivault_24
D:3:      layout_rooms, hangedman_decor_slide_cut

Skill      XL: |  1  2 |
---------------+-------+-----
Stealth        | 5 |  5.7
Fighting       | 1 |  1.0
Short Blades   | |  1.8
Dodging        | |  2.3
Spellcasting   | |  2.0
Hexes          | |  4.4

Action                   || total
-------------------------++-------
Melee: Dagger            ||    39
       Bite              ||     6
 Abil: Exsanguinate      ||     1
  Use: Scroll            ||     5
 Stab: Sleeping          ||    13
Armor: Robe              ||     1
       Leather armour    ||     6
Dodge: Dodged            ||     7

Table legend: (Time is in decaauts)
 A = Elapsed time spent in this place.
 B = Non-inter-level travel time spent in this place.
 C = Inter-level travel time spent in this place.
 D = Time resting spent in this place.
 E = Time spent auto-exploring this place.
 F = Levels seen in this place.
 G = Mean time per level.
                   A        B        C        D        E       F      G
               +--------+--------+--------+--------+--------+-----+--------+
         Total |   1549 |   1549 |      0 |    108 |    943 |   3 |  516.3 |
       Dungeon |   1549 |   1549 |      0 |    108 |    943 |   3 |  516.3 |
               +--------+--------+--------+--------+--------+-----+--------+

Top non-repeatable levels by time:
     D:1: 776 daAuts
     D:2: 751 daAuts
     D:3: 21 daAuts
